 Dungeon Crawl Stone Soup version 0.18.1-48-g4cf74bf (webtiles) character file.

50 Joat the Conjurer (level 3, 0/28 HPs)
             Began as a Draconian Conjurer on Sept 3, 2016.
             Killed from afar by Natasha (8 damage)
             ... with a magic dart
             ... on level 2 of the Dungeon.
             The game lasted 00:08:08 (1707 turns).

Joat the Conjurer (Draconian Conjurer)              Turns: 1707, Time: 00:08:09

Health: 0/28       AC:  2    Str: 10    XL:     3   Next: 55%
Magic:  3/7        EV: 12    Int: 16    God:
Gold:   75         SH:  0    Dex: 11    Spells: 1 memorised, 6 levels left

rFire  . . .     SeeInvis .     o - +0 dagger
rCold  . . .     Gourm    .     (armour unavailable)
rNeg   . . .     Faith    .     (no shield)
rPois  .         Spirit   .     (helmet restricted)
rElec  .         Dismiss  .     (no cloak)
rCorr  .         Reflect  .     (no gloves)
SustAt .         Harm     .     (no boots)
MR     .....                    (no amulet)
Stlth  ++........               (no ring)
                                g - -3 ring of protection (curse)

@: very slightly contaminated, not resistant to hostile enchantments, unstealthy
A: unfitting armour, cold-blooded, AC +5
a: no special abilities


You were on level 2 of the Dungeon.
You were not hungry.

You visited 1 branch of the dungeon, and saw 2 of its levels.

You collected 75 gold pieces.

Inventory:

Hand Weapons
 o - a +0 dagger (weapon)
Jewellery
 g - a cursed -3 ring of protection (left hand)
Scrolls
 f - 2 scrolls of identify
 l - a scroll of enchant armour
Potions
 e - a potion of curing
 h - a potion of ambrosia {unknown}
 j - a potion of resistance {unknown}
 k - 2 potions of lignification {unknown}
Books
 a - a book of Conjurations

   Spells                             Type                      Level
   a - Magic Dart                     Conjuration                  1
   b - Searing Ray                    Conjuration                  2
   c - Dazzling Spray                 Conjuration/Hexes            3
   d - Fulminant Prism                Conjuration/Hexes            4
   e - Iskenderun's Mystic Blast      Conjuration                  4
   f - Iskenderun's Battlesphere      Conjuration/Charms           5
Comestibles
 b - a bread ration
 c - a slice of pizza
 i - a beef jerky
 m - 2 fruits
 n - 7 chunks of flesh


   Skills:
 + Level 1.3 Fighting
 + Level 2.6 Dodging
 - Level 1.7 Stealth
 + Level 2.7 Spellcasting
 - Level 4.0 Conjurations


You had 6 spell levels left.
You knew the following spells:

 Your Spells              Type           Power        Failure   Level  Hunger
a - Magic Dart            Conj           ###.         4%          1    #......


Dungeon Overview and Level Annotations

Branches:
Dungeon (2/15)

Altars:
Elyvilon

Annotations:
D:2 Natasha


Innate Abilities, Weirdness & Mutations

Your plain brown scales are hard (AC +5).
Your body does not fit into most forms of armour.
You are cold-blooded and may be slowed by cold attacks.


Message History

The dart slug bites you but does no damage.
The goblin closely misses you.
You hit the dart slug.
The dart slug is almost dead.
The goblin barely misses you.
You hit the dart slug.
You kill the dart slug!
The goblin no longer looks unusually strong.
The goblin closely misses you.
A hobgoblin comes into view. It is wielding a club.
The goblin shouts!
You flicker for a moment.
Found an inky potion and a spear.
Natasha, Servant of Life and Death comes into view.
You flicker back into view.
Natasha hisses angrily.
Natasha moves out of view.
Natasha casts a spell at you. The magic dart hits you!
You die...

###..# #......##.###..#
#......##......#
#......######.##
#....).# #.# ##......#
#.# #.......# #.#
#....h..# ##.##
#@#.######...#
#............# #
###.#####....#
#.####.#####..#######
#...................#
####.########.#####.#
..#####.##.......##.....
#).........#####.......#
#######.#### #.##.##.#


You could see Natasha.

Vanquished Creatures
  Robin (D:2)
  2 dart slugs
  A giant gecko (D:1)
  4 giant cockroaches (D:1)
  8 goblins
  2 hobgoblins (D:1)
  4 jackals (D:2)
  5 bats
  A giant newt (D:1)
  3 kobolds (D:1)
  4 rats (D:1)
35 creatures vanquished.

Notes
Turn   | Place    | Note
--------------------------------------------------------------
     0 | D:1      | Joat the Draconian Conjurer began the quest for the Orb.
     0 | D:1      | Reached XP level 1. HP: 14/14 MP: 3/3
   253 | D:1      | Reached XP level 2. HP: 22/22 MP: 0/5
  1107 | D:1      | Reached skill level 1 in Fighting
  1245 | D:1      | Reached XP level 3. HP: 28/28 MP: 1/6
  1593 | D:2      | Found a white marble altar of Elyvilon.
  1661 | D:2      | Noticed Robin
  1681 | D:2      | Killed Robin
  1706 | D:2      | Noticed Natasha
  1707 | D:2      | Killed from afar by Natasha

Skill      XL: |  1  2 |
---------------+-------+-----
Dodging        | 2 |  2.6
Fighting       | 1 |  1.3
Stealth        | |  1.7
Spellcasting   | |  2.7
Conjurations   | |  4.0

Action                   || total
-------------------------++-------
Melee: Unarmed           ||    22
       Tailslap          ||     6
       Dagger            ||    17
 Cast: Magic Dart        ||    72
  Use: Scroll            ||     4
       Potion            ||     2
  Eat: Chunk             ||     3
Armor: Skin              ||     7
Dodge: Dodged            ||    30
